 Dungeon Crawl Stone Soup version 0.28-a0-1613-gdaab1c2f9b (webtiles) character file.

Game seed: 2791315397670542822

203 Lekart the Chopper (level 5, -3/47 HPs)
             Began as a Draconian Chaos Knight on Jan 20, 2022.
             Was a Plaything of Xom.
             Slain by Sigmund (11 damage)
             ... on level 4 of the Dungeon on Jan 21, 2022.
             The game lasted 00:06:47 (4396 turns).

Lekart the Chopper (Draconian Chaos Knight)         Turns: 4396, Time: 00:06:48

Health: -3/47      AC:  5    Str: 13 (15) XL:     5   Next: 51%
Magic:  5/5        EV: 12    Int: 11 (12) God:    Xom [.*....]
Gold:   175        SH:  0    Dex: 10 (12) Spells: 4/4 levels left

rFire   . . .      SeeInvis .   a - +0 hand axe (chaos)
rCold   . . .      Faith    .   (no shield)
rNeg    . . .      Spirit   .   (armour unavailable)
rPois   .          Reflect  .   (helmet restricted)
rElec   .          Harm     .   (no cloak)
rCorr   .          Rampage  .   (no gloves)
Will    +....      Rage     1%  (no boots)
Stlth   +.........              (no amulet)
HPRegen 0.15/turn               (no ring)
MPRegen 0.09/turn               (no ring)

@: no status effects
A: AC +5, unfitting armour, cold-blooded, berserk 1, strong-willed 1
a: Renounce Religion


You were on level 4 of the Dungeon.
You worshipped Xom.
You were a plaything of Xom.
You visited 1 branch of the dungeon, and saw 4 of its levels.

You collected 175 gold pieces.

Inventory:

Hand Weapons
 a - a +0 hand axe of chaos (weapon)
Scrolls
 b - 3 scrolls of fog {unknown}
 c - a scroll of blinking {unknown}
 d - a scroll of noise {unknown}
 e - a scroll of brand weapon {unknown}
 g - a scroll of silence {unknown}
 h - 2 scrolls of enchant weapon {unknown}
 i - 4 scrolls of identify {unknown}
 j - a scroll of enchant armour {unknown}
 k - a scroll of teleportation {unknown}
 l - 2 scrolls of immolation {unknown}
Potions
 f - a potion of degeneration
 m - a potion of mutation


   Skills:
 + Level 4.3 Fighting
 + Level 4.6 Axes
 * Level 3.7 Dodging


You had 4 spell levels left.
You didn't know any spells.
Your spell library contained the following spells:

 Spells                   Type           Power      Damage    Failure   Level
 Apportation              Tloc           0%         N/A       34%         1
 Alistair's Intoxication  Tmut/Pois      0%         N/A       100%        5


Dungeon Overview and Level Annotations

Branches:
Dungeon (4/15)
 Temple: D:4-7

Altars:
Gozag
The Shining One

Shops:
D:2 ?   D:3 (=

Annotations:
D:3 exclusion: downstairs
D:4 Dowan, Duvessa, Sigmund


Innate Abilities, Weirdness & Mutations

Your plain brown scales are hard. (AC +5)
You cannot fit into any form of body armour.
You are cold-blooded and may be slowed by cold attacks.
You tend to lose your temper in combat.
You are strong-willed. (Will+)


Message History

The magic dart hits you.
A water moccasin skeleton comes into view.
Sigmund hits you but does no damage. Sigmund casts a spell at you.
You resist with some effort.
You hit Sigmund.
Sigmund is poisoned.
You tail-slap Sigmund.
Sigmund is moderately wounded.
Sigmund casts a spell.
Sigmund flickers and vanishes!
Deactivating autopickup; reactivate with Ctrl-A.
You closely miss something. You tail-slap something.
You hear some strange, mumbled words.
You are confused.
You're too confused to move!
Something hits you.
You're too confused to move!
Xom smirks.
You detect creatures!
Something barely misses you. The water moccasin skeleton bites you.
The water moccasin skeleton bites you.
A magic dart appears from out of thin air!
The magic dart hits you.
You barely miss the water moccasin skeleton.
Your tail-slap misses the water moccasin skeleton.
You feel less confused.
The water moccasin skeleton closely misses you.
The water moccasin skeleton bites you. Something hits you!
The water moccasin skeleton bites you but does no damage.
The water moccasin skeleton barely misses you.
Something hits you!
* * * LOW HITPOINT WARNING * * *
It was a potion of degeneration.
There was something very wrong with that liquid.
You feel weakened.
You feel dopey.
You feel clumsy.
The water moccasin skeleton closely misses you.
It was a potion of mutation.
You feel extremely strange.
You feel clever. x2; You feel a little pissed off.
You feel strong-willed.
Xom roars with laughter!
The water moccasin skeleton misses you. Something hits you!
You die...
Xom is highly amused!

..... #.#......
### #.#.#
#........
.....#.###.#......
#.#.#.#...#...S##
# ...#.#.### ####
....##.#.#.###
#............# o
#......#Z#.#.#
#.######@#.#.# o o
#.#.# # O #.#..
#.### #.. ###


w You could see a water moccasin skeleton.

Vanquished Creatures
  A scorpion (D:4)
  6 adders
  4 worms
  4 dart slugs
  2 orcs
  10 ball pythons
  2 endoplasms
  2 giant cockroaches
  4 goblins
  8 hobgoblins
  3 jackals (D:1)
  5 kobolds
  3 quokkas
  6 bats
  3 frilled lizards
  6 rats
69 creatures vanquished.

Vanquished Creatures (others)
  A goblin (D:2)
  14 plants (D:2)
15 creatures vanquished.

Grand Total: 84 creatures vanquished

Notes
Turn   | Place    | Note
-------+----------+-------------------------------------------
     0 | D:1      | Lekart the Draconian Chaos Knight began the quest for the
                  | Orb.
     0 | D:1      | Reached XP level 1. HP: 19/19 MP: 1/1
   112 | D:1      | XOM: silly message
   273 | D:1      | XOM: silly message
   451 | D:1      | XOM: silly message
   477 | D:1      | XOM: noise
   479 | D:1      | Reached XP level 2. HP: 26/26 MP: 2/2
   524 | D:1      | XOM: noise
   598 | D:1      | XOM: silly message
   874 | D:1      | XOM: silly message
   918 | D:1      | XOM: silly message
  1006 | D:1      | Found a faded altar of an unknown god.
  1266 | D:1      | Reached XP level 3. HP: 33/33 MP: 3/3
  1346 | D:1      | XOM: silly message
  1409 | D:2      | Upgraded the game from 0.28-a0-1568-g77cbbf62ba to
                  | 0.28-a0-1613-gdaab1c2f9b
  1515 | D:2      | Found Yvvo Ave's Magic Scroll Emporium.
  1899 | D:2      | XOM: 4-stop teleportation journey
  1971 | D:2      | Found a glowing golden altar of the Shining One.
  2287 | D:2      | Reached XP level 4. HP: 32/40 MP: 4/4
  2632 | D:2      | XOM: give mutations
  2632 | D:2      | Gained mutation: You are dopey. (Int -2) [Xom's mischief]
  2632 | D:2      | Gained mutation: You are very dopey. (Int -4) [Xom's
                  | mischief]
  2888 | D:3      | XOM: noise
  3055 | D:3      | Found Bonixkir's Weapon Shop.
  3304 | D:3      | XOM: 2-stop teleportation journey
  3510 | D:3      | Found an opulent altar of Gozag.
  3656 | D:3      | Found Qoereuv's Jewellery Shoppe.
  3658 | D:3      | XOM: silly message
  4000 | D:4      | Noticed Duvessa
  4000 | D:4      | Noticed Dowan
  4186 | D:4      | Reached XP level 5. HP: 46/46 MP: 5/5
  4381 | D:4      | Noticed Sigmund
  4389 | D:4      | XOM: divination: detect creatures
  4396 | D:4      | Lost mutation: You are very dopey. (Int -4) [potion of
                  | mutation]
  4396 | D:4      | Lost mutation: You are dopey. (Int -2) [potion of mutation]
  4396 | D:4      | Gained mutation: You tend to lose your temper in combat.
                  | [potion of mutation]
  4396 | D:4      | Gained mutation: You are strong-willed. (Will+) [potion of
                  | mutation]
  4396 | D:4      | Slain by Sigmund

Illustrated notes

Levels and vault maps discovered:
D:1:      dpeg_arrival_arbitrary_c, layout_basic,
          dreamdust_ecumenical_altar_angels_and_demons
D:2:      cheibrodos_helix_gallery, layout_loops_ring, serial_shops,
          nicolae_shop_behind_doors, basic_altar, wad_woods_river_04,
          roderic_serpentine_path
D:3:      layout_loops_cross, lemuel_crystal_altar, serial_shops,
          nicolae_shop_stone, nicolae_square_shop, corexii_shack
D:4:      minmay_recursive_quarters, layout_basic,
          mainiacjoe_overflow_catwalk_spiral, uniq_duvessa, uniq_sigmund

Skill      XL: |  1  2  3  4 |
---------------+-------------+-----
Fighting       | 4 |  4.3
Dodging        | 3 |  3.7
Axes           | 4 |  4.6

Action                   |  1- 3 |  4- 6 || total
-------------------------+-------+-------++-------
Melee: Hand axe          |   131 |   100 ||   231
       Tailslap          |    14 |    16 ||    30
       Punch             |     3 |     1 ||     4
  Use: Potion            |       |     2 ||     2
 Stab: Sleeping          |     2 |       ||     2
       Paralysed         |     1 |       ||     1
Armor: Skin              |    42 |    28 ||    70
Dodge: Dodged            |    86 |    70 ||   156

Table legend: (Time is in decaauts)
 A = Elapsed time spent in this place.
 B = Non-inter-level travel time spent in this place.
 C = Inter-level travel time spent in this place.
 D = Time resting spent in this place.
 E = Time spent auto-exploring this place.
 F = Levels seen in this place.
 G = Mean time per level.
                   A        B        C        D        E       F      G
               +--------+--------+--------+--------+--------+-----+--------+
         Total |   4433 |   4335 |     98 |   1085 |   2318 |   4 | 1108.2 |
       Dungeon |   4433 |   4335 |     98 |   1085 |   2318 |   4 | 1108.2 |
               +--------+--------+--------+--------+--------+-----+--------+

Top non-repeatable levels by time:
     D:2: 1417 daAuts
     D:1: 1393 daAuts
     D:3: 1226 daAuts
     D:4: 395 daAuts
